 Dungeon Crawl Stone Soup version 0.30-b1-2-g02819fbbbe (webtiles) character file.

Game seed: 688351939524498631

8 Alarkh the Charlatan (level 2, 22/22 HPs)
             Began as a Demonspawn Artificer on Nov 27, 2023.
             Got out of the dungeon alive.
             The game lasted 00:00:36 (341 turns).

Alarkh the Charlatan (Demonspawn Artificer)          Turns: 341, Time: 00:00:37

Health: 22/22      AC:  3    Str: 12    XL:     2   Next: 0%
Magic:  2/2        EV: 11    Int: 12    God:
Gold:   30         SH:  0    Dex: 13    Spells: 1/1 levels left

rFire   . . .        a - +0 dagger
rCold   . . .        (no shield)
rNeg    . . .        b - +0 leather armour
rPois   .            (helmet restricted)
rElec   .            (no cloak)
rCorr   .            (no gloves)
SInv    .            (no boots)
Will    .....        (no amulet)
Stlth   +            (no ring)
HPRegen 0.23/turn    (no ring)
MPRegen 0.08/turn

%: no passive effects
@: no status effects
A: horns 1
a: no special abilities


You escaped.
You visited 1 branch of the dungeon, and saw 1 of its levels.

You collected 30 gold pieces.

Inventory:

Hand Weapons
 a - a +0 dagger (weapon)
Armour
 b - a +0 leather armour (worn)
Wands
 c - a wand of flame (15) (quivered)
 d - a wand of charming (15)
 e - a wand of iceblast (5)
Scrolls
 h - a scroll of enchant weapon {unknown}
Potions
 f - a potion of curing {unknown}
 g - 2 potions of haste {unknown}
 i - a potion of brilliance {unknown}
 j - a potion of lignification {unknown}


   Skills:
 + Level 1.7 Fighting
 - Level 1.7 Armour
 - Level 0.8 Dodging
 - Level 0.8 Stealth
 * Level 0.7 Unarmed Combat
 - Level 3.0 Evocations


You had one spell level left.
You didn't know any spells.
Your spell library was empty.

Dungeon Overview and Level Annotations

Branches:
Dungeon (1/15)

Altars:


Innate Abilities, Weirdness & Mutations

You have a pair of small horns on your head.


Message History

You hit the bat.
You kill the bat!
No target in view!
No target in view!
No target in view!
No target in view!
No target in view!
No target in view!
You are now empty-handed.
You drop a +0 club.
You see here a +0 dagger.
a - a +0 dagger
a - a +0 dagger (weapon)
You see here a +0 club.
You see here a bat corpse.
You open the door.
There is an open door here.
You open the door.
There is an open door here.
j - a blue potion You open the door.
A frilled lizard comes into view.
Found 12 gold pieces.
A frilled lizard is nearby!
A frilled lizard is nearby!
The frilled lizard hisses angrily.
You hit the frilled lizard.
You kill the frilled lizard!
You have reached level 2!
You feel monstrous as your demonic heritage exerts itself.
Your demonic ancestry asserts itself...
A pair of horns grows on your head!
You see here a bat corpse.
You see here a ball python corpse.
There is an open door, spattered with blood here.
Things that are here:
a +0 dagger; 3 stones; a kobold skeleton
There is an empty arch of ancient stone here.
There is a staircase leading out of the dungeon here.
Are you sure you want to leave the Dungeon?
This will make you lose the game!
You have escaped!

..###.....⌠......♣#
#.##...........♣..#
#.####............#
##.##.∩............#
##.####............#
##.#.#............♣#
##...#.....♣.......#
)....#.............#
##..##..........@.##
###..∩...........##
# ####...♣......## #
##........≈#
######♣♣###


There were no monsters in sight!

Vanquished Creatures
  2 ball pythons (D:1)
  A kobold (D:1)
  3 bats (D:1)
  2 frilled lizards (D:1)
  A goblin (D:1)
  A rat (D:1)
10 creatures vanquished.

Notes
Turn   | Place    | Note
-------+----------+-------------------------------------------
     0 | D:1      | Alarkh the Demonspawn Artificer began the quest for the
                  | Orb.
     0 | D:1      | Reached XP level 1. HP: 15/15 MP: 1/1
   283 | D:1      | Discovered your monstrous ancestry.
   283 | D:1      | Gained mutation: You have a pair of small horns on your
                  | head. [demonic ancestry]
   283 | D:1      | Reached XP level 2. HP: 22/22 MP: 2/2
   341 | D:$      | Got out of the dungeon alive.

Illustrated notes

Levels and vault maps discovered:
D:1:      nzn_arrival_settlement, layout_basic, kennysheep_nondescript,
          minmay_3d_cube

Action                     || total
---------------------------++-------
  Melee: Club              ||    45
         Dagger            ||     1
 Armour: Leather armour    ||    24
  Dodge: Dodged            ||    44
